 Dungeon Crawl Stone Soup version 0.25.0-46-gbd7b0854d2 (webtiles) character file.

Game seed: 5242304676487175328

245 Descartes the Sneak (level 5, -3/22 HPs)
             Began as a Felid Transmuter on July 12, 2020.
             Slain by a big kobold
             ... wielding a +0 dagger of venom
              (7 damage)
             ... on level 4 of the Dungeon.
             The game lasted 00:07:26 (5442 turns).

Descartes the Sneak (Felid Transmuter)              Turns: 5442, Time: 00:07:26

Health: -3/22      AC:  1    Str:  7    XL:     5   Next: 84%
Magic:  18/18      EV: 19    Int: 15    God:
Gold:   138        SH:  0    Dex: 16    Spells: 5/8 levels left
                                        Lives:  0   Deaths: 1

rFire    . . .     SeeInvis +     - Unarmed
rCold    . . .     Gourm    .   (shield unavailable)
rNeg     . . .     Faith    .   (armour unavailable)
rPois    .         Spirit   .   (helmet unavailable)
rElec    .         Reflect  .   (cloak unavailable)
rCorr    .         Harm     .   (gloves unavailable)
MR       .....                  (boots unavailable)
Stlth    ++++......             (no amulet)
HPRegen  0.07/turn              n - ring of magical power
MPRegen  0.16/turn              (no ring)

@: lethally poisoned (-3 -> -8), appendage (expiring), quick
A: very small, no armour, no weapons or thrown items, stealth, claws 1, fangs 3,
horns 2, see invisible, carnivore, speed 1, shaggy fur 1, slow metabolism 1,
sharp paws
a: End Transformation


You were on level 4 of the Dungeon.
You were very full.
You had grown temporary horns.
You visited 1 branch of the dungeon, and saw 4 of its levels.

You collected 138 gold pieces.

Inventory:

Missiles
 a - 24 arrows
 f - 110 stones
Jewellery
 n - a ring of magical power (left paw)
Scrolls
 b - 2 scrolls of immolation {unknown}
 e - a scroll of identify {unknown}
 g - 3 scrolls of teleportation {unknown}
 h - 2 scrolls of noise {unknown}
 i - a scroll of remove curse {unknown}
 k - a scroll of random uselessness {unknown}
 m - a scroll of enchant armour {unknown}
Potions
 d - 3 potions of lignification {unknown}
 j - 5 potions of curing {unknown}
 l - 2 potions of berserk rage {unknown}
 p - a potion of degeneration {unknown}
 q - a potion of magic {unknown}
Comestibles
 c - 6 rations


   Skills:
 - Level 1.0 Fighting
 + Level 3.4 Dodging
 * Level 6.6 Stealth
 + Level 4.3 Unarmed Combat
 - Level 2.0 Spellcasting
 + Level 2.8 Transmutations


You had 5 spell levels left.
You knew the following spells:

 Your Spells              Type           Power        Failure   Level  Hunger
a - Beastly Appendage     Tmut           ##....       7%          1    #......
b - Sticks to Snakes      Tmut           ##......     11%         2    ###....

Your spell library contained the following spells:

 Spells                   Type           Power        Failure   Level  Hunger
 Spider Form              Tmut/Pois      #.........   36%         3    ###....
 Ice Form                 Ice/Tmut       #.......     77%         4    #####..
 Blade Hands              Tmut           ##........   88%         5    ######.


Dungeon Overview and Level Annotations

Branches:
Dungeon (4/15)
 Temple: D:4-7

Altars:


Innate Abilities, Weirdness & Mutations

You cannot wear armour.
You are incapable of wielding weapons or throwing items.
Your paws allow you to move quietly. (Stealth)
You have sharp claws.
You have razor-sharp teeth.
You have supernaturally acute eyesight. (SInv)
You are carnivorous and can eat meat at any time.
You cover ground quickly.
You are covered in fur. (AC +1)
You have a slow metabolism.
Your sharp claws are effective at attacking unaware monsters.
You have a pair of horns on your head.


Message History

You barely miss the big kobold. Your headbutt misses the big kobold.
The big kobold is almost dead.
The big kobold misses you.
You scratch the big kobold.
You kill the big kobold!
You scratch the big kobold.
The big kobold is lightly wounded.
You closely miss the big kobold.
The big kobold is lightly wounded.
The big kobold barely misses you.
You scratch the big kobold but do no damage.
The big kobold is lightly wounded.
The big kobold hits you but does no damage.
You are lethally poisoned!
You scratch the big kobold.
The big kobold is moderately wounded.
* * * LOW HITPOINT WARNING * * *
You feel sick.
The big kobold hits you with a +0 dagger of venom!
You die...

########
#......#
#####.#..#
#.S@K.#K.#
#.#####K.# #
#.#####..# ≈#
#....#.K##≈≈##
######.#.K#≈≈≈≈#
#......#.K#≈≈≈≈#
#.##.#.#..#≈≈≈≈#
#.#.#..##≈≈##
#<..##.. ≈≈#


You could see a big kobold and a friendly ball python.

Vanquished Creatures
  A big kobold (D:4)
  2 orc wizards
  5 adders
  3 worms
  2 dart slugs
  3 leopard geckos
  8 orcs
  2 giant cockroaches (D:2)
  9 goblins
  9 hobgoblins
  2 jackals (D:1)
  A quokka (D:2)
  10 bats
  3 frilled lizards
  16 kobolds
  5 rats
81 creatures vanquished.

Vanquished Creatures (collateral kills)
  Crazy Yiuf (D:3)
1 creature vanquished.

Vanquished Creatures (others)
  A goblin (D:3)
1 creature vanquished.

Grand Total: 83 creatures vanquished

Notes
Turn   | Place    | Note
-------+----------+-------------------------------------------
     0 | D:1      | Descartes the Felid Transmuter began the quest for the Orb.
     0 | D:1      | Reached XP level 1. HP: 9/9 MP: 4/4
    29 | D:1      | Reached skill level 1 in Stealth
   305 | D:1      | Reached skill level 2 in Stealth
   305 | D:1      | Reached XP level 2. HP: 11/12 MP: 6/6
   817 | D:1      | Reached skill level 3 in Stealth
  1065 | D:2      | Reached XP level 3. HP: 15/15 MP: 7/7
  1524 | D:2      | Reached skill level 4 in Stealth
  1712 | D:2      | Reached XP level 4. HP: 18/19 MP: 6/8
  2555 | D:2      | Slain by a leopard gecko
  2556 | D:2      | Reached XP level 3. HP: 0/15 MP: 7/7
  2765 | D:2      | Reached skill level 5 in Stealth
  2765 | D:2      | Reached XP level 4. HP: 3/19 MP: 6/8
  4026 | D:3      | Learned a level 2 spell: Sticks to Snakes
  4375 | D:3      | Found a runed translucent door.
  4376 | D:3      | Noticed Crazy Yiuf
  4651 | D:3      | Reached XP level 5. HP: 22/22 MP: 7/9
  4655 | D:3      | Reached skill level 6 in Stealth
  5044 | D:3      | Killed Crazy Yiuf
  5442 | D:4      | Slain by a big kobold

Illustrated notes

Levels and vault maps discovered:
D:1:      ebering_trefoil_twist, layout_loops_ring
D:2:      layout_loops_ring
D:3:      layout_loops_corners, lemuel_flame_loot_1, uniq_crazy_yiuf_cottage
D:4:      cheibrodos_thug_alley, layout_basic, first_ration, uniq_ijyb,
          uniq_sigmund

Skill      XL: |  1  2  3  4  5 |
---------------+----------------+-----
Stealth        | 2 3 5 6 |  6.6
Unarmed Combat | 4 |  4.3
Dodging        | 3 |  3.4
Fighting       | |  1.0
Spellcasting   | |  2.0
Transmutations | |  2.8

Action                   |  1- 3 |  4- 6 || total
-------------------------+-------+-------++-------
Melee: Unarmed           |   120 |   136 ||   256
       Bite              |     7 |    17 ||    24
       Punch             |     2 |     1 ||     3
       Headbutt          |     3 |    19 ||    22
 Cast: Beastly Appendage |     6 |    24 ||    30
       Sticks to Snakes  |       |     5 ||     5
 Stab: Sleeping          |     9 |    10 ||    19
  Eat: Chunk             |    11 |     9 ||    20
Armor: Skin              |     7 |     3 ||    10
Dodge: Dodged            |    91 |    93 ||   184
